 Dungeon Crawl Stone Soup version 0.29.0-4-gdea44cf6ec (webtiles) character file.

Game seed: 278331776903760102

4111 qw the Cleaver (level 10, -4/64 HPs)
             Began as a Gargoyle Berserker on Sept 5, 2022.
             Was an Elder of Trog.
             Slain by a large abomination (16 damage)
             ... on level 1 of the Abyss.
             The game lasted 00:03:24 (8353 turns).

qw the Cleaver (Gargoyle Berserker)                 Turns: 8353, Time: 00:03:24

Health: -4/64      AC: 26    Str: 26    XL:     10   Next: 26%
Magic:  9/9        EV:  8    Int:  7    God:    Trog [****..]
Gold:   271        SH:  4    Dex:  9    Spells: 9/9 levels left

rFire   . . .      SeeInvis +   o - +1 hand axe (vamp)
rCold   + + .      Faith    .   m - +0 buckler
rNeg    + . .      Spirit   .   t - +0 plate armour
rPois   inf        Reflect  .   j - +0 helmet
rElec   +          Harm     .   c - +0 cloak
rCorr   .          Rampage  .   a - +2 pair of gloves of Privacy {rElec rC+}
Will    ++...                   (no boots)
Stlth   ..........              (no amulet)
HPRegen 1.20/turn               f - ring of see invisible
MPRegen 0.11/turn               r - ring of protection from cold

@: about to teleport, strong-willed, on berserk cooldown, regenerating, slowed,
very slow
A: sickness immunity, AC +7, negative energy resistance 1, electricity
resistance, torment resistance 1, petrification resistance, low MP 1, sturdy
frame 1
a: Renounce Religion, Berserk, Trog's Hand, Brothers in Arms


You were on level 1 of the Abyss.
You worshipped Trog.
Trog was greatly pleased with you.
You visited 1 branch of the dungeon, and saw 8 of its levels.
You visited the Abyss 1 time.
You also visited: Ossuary.

You collected 320 gold pieces.
You spent 49 gold pieces at shops.


Innate Abilities, Weirdness & Mutations

You are immune to sickness and miasma.
Your stone body is resilient. (AC +7)
You are immune to poison.
You resist negative energy. (rN+)
You are resistant to electric shocks. (rElec)
You are resistant to unholy torment.
You are immune to petrification.
Your magical capacity is low. (-10% MP)
Your movements are slightly less encumbered by armour. (ER -2)


   Skills:
 + Level 7.8 Fighting
 - Level 10.0 Axes
 - Level 1.7 Throwing
 - Level 7.2 Armour
 - Level 1.5 Dodging
 - Level 4.3 Shields


You had 9 spell levels left.
You didn't know any spells.
Your spell library was empty.

Inventory:

Hand Weapons
 b - a +2 flail of protection
 o - a +1 vampiric hand axe (weapon)
Missiles
 u - 3 boomerangs (quivered)
Armour
 a - the +2 pair of gloves of Privacy (worn) {rElec rC+}
   (You acquired it on level 2 of the Dungeon)

   rC:        It protects you from cold.
   rElec:     It insulates you from electricity.
 c - a +0 cloak (worn)
 j - a +0 helmet (worn)
 m - a +0 buckler (worn)
 t - a +0 plate armour (worn)
Jewellery
 f - a ring of see invisible (left hand)
 r - a ring of protection from cold (right hand)
Scrolls
 g - 3 scrolls of identify
 k - 2 scrolls of teleportation
Potions
 d - a potion of heal wounds
 e - 2 potions of mutation
 h - a potion of cancellation
 i - 2 potions of might
 n - 3 potions of curing
 p - a potion of resistance
 s - 2 potions of haste

Dungeon Overview and Level Annotations

Branches:
Dungeon (8/15)             Temple (0/1) D:7         Ossuary (visited)
   Lair: D:8-11

Altars:
Makhleb
Yredelemnul

Shops:
D:4 (

Annotations:
D:6 1 runed translucent door, qw's ghost, novice FoCA


Message History

The gnoll sergeant hits you but does no damage.
8339 ||| INVOKING Berserk.
A red film seems to cover your vision as you go berserk!
You feel yourself moving faster!
You feel mighty! The gnoll sergeant closely misses you.
The gnoll hits you but does no damage. Space warps horribly around you!
You block the gnoll's attack.
You barely miss the gnoll sergeant.
The gnoll sergeant is heavily wounded.
You hit the gnoll. You completely miss the gnoll sergeant.
The gnoll sergeant is heavily wounded.
You hit the gnoll.
You feel better. You block the gnoll's attack.
The gnoll sergeant hits you but does no damage.
The gnoll hits you but does no damage. Space warps around you.
You closely miss the gnoll.
The gnoll is severely wounded.
You closely miss the gnoll sergeant. The gnoll hits you but does no damage.
You are cast into the Abyss!
This branch contains the abyssal rune of Zot.
You feel a strong urge to attack something.
You feel your anger nearly subside.
You are no longer berserk.
You are exhausted.
You feel yourself slow down.
8347 ||| INVOKING Trog's Hand.
Your skin crawls.
You feel strong-willed.
You hit the large abomination but do no damage.
You slash the large abomination!
The large abomination is lightly damaged.
The large abomination hits you but does no damage.
You barely miss the large abomination.
The large abomination is lightly damaged.
The large abomination hits you!
8353 ||| READING 3 scrolls of teleportation.
As you read the scroll of teleportation, it crumbles to dust.
You feel strangely unstable.
You feel the power of the Abyss delaying your translocation!
The large abomination hits you!
You die...

.. ... .. ..
. #. .. .#
###. .##..#
#.#.##....#
........#
#.#..X..#
#...@#
...........#
.....#...###
..#. #..##
... #... ..
#... . ....
.#.#.


You could see a large abomination.

Vanquished Creatures
  Pikel (D:5)
  A wyvern (D:8)
  Menkaure (D:4)
  2 water moccasins (D:5)
  Edmund (D:6)
  2 orc warriors
  2 ogres
  3 black bears
  A lemure (D:5)
  2 phantoms (D:6)
  A gnoll sergeant (D:6)
  A necrophage (D:8)
  A wyvern zombie (D:6)
  6 water moccasin zombies (Ossuary)
  4 scorpions
  3 wights (D:8)
  9 killer bees
  A centaur zombie (D:6)
  3 iron imps (D:7)
  3 orc priests
  A hound (D:5)
  A jelly (D:5)
  4 iguanas
  15 orc wizards
  2 mummies (Ossuary)
  6 adders
  4 gnolls
  A shadow imp (D:7)
  2 white imps
  4 adder zombies (Ossuary)
  4 dart slugs (D:1)
  35 orcs
  3 bats (D:1)
  2 endoplasms
  2 giant cockroaches
  2 gnoll zombies (Ossuary)
  4 goblins
  5 hobgoblins
  11 jackals
  3 quokkas
  6 ball pythons
  4 frilled lizards (D:1)
  7 hobgoblin zombies (Ossuary)
  6 kobolds
  4 kobold zombies (Ossuary)
  4 orc zombies (Ossuary)
  4 rats
194 creatures vanquished.

Vanquished Creatures (others)
  2 withered plants (D:6)
2 creatures vanquished.

Grand Total: 196 creatures vanquished

Notes
Turn   | Place    | Note
-------+----------+-------------------------------------------
     0 | D:1      | qw the Gargoyle Berserker began the quest for the Orb.
     0 | D:1      | Reached XP level 1. HP: 14/14 MP: 1/1
     0 | D:1      | 0 ||| qw: Version: 0.1-a-104-g96f76f8
     0 | D:1      | 0 ||| qw: Game counter: 5791
     0 | D:1      | 0 ||| qw: Always use a shield: true
     0 | D:1      | 0 ||| qw: Do Orc after D:15 true
     0 | D:1      | 0 ||| qw: Do second Lair branch before Depths: true
     0 | D:1      | 0 ||| qw: Lair rune preference: random
     0 | D:1      | 0 ||| qw: Plans: Normal
     0 | D:1      | 0 ||| PLANNING D:1-11
   294 | D:1      | Reached skill level 3 in Axes
   371 | D:1      | Reached XP level 2. HP: 19/19 MP: 2/2
   445 | D:1      | Found a faded altar of an unknown god.
   594 | D:1      | 594 ||| Stepping ~*~*~tactically~*~*~ (stealth).
   644 | D:1      | 644 ||| Stepping ~*~*~tactically~*~*~ (stealth).
   651 | D:1      | Reached XP level 3. HP: 19/23 MP: 3/3
   778 | D:1      | 778 ||| Stepping ~*~*~tactically~*~*~ (stealth).
   786 | D:1      | 786 ||| Stepping ~*~*~tactically~*~*~ (stealth).
   788 | D:1      | 788 ||| Stepping ~*~*~tactically~*~*~ (stealth).
   930 | D:1      | 930 ||| DROPPING -3 whip.
  1407 | D:1      | 1407 ||| UPGRADING to +0 leather armour.
  1417 | D:1      | 1417 ||| DROPPING +0 animal skin.
  1418 | D:1      | 1418 ||| UPGRADING to +0 helmet.
  1423 | D:1      | 1423 ||| DROPPING amulet of faith.
  1424 | D:1      | 1424 ||| DROPPING ring of magical power.
  1425 | D:1      | 1425 ||| READING scroll labelled GUNOAG NYIMAMY.
  1426 | D:1      | 1426 ||| READING scroll labelled DUADEEK RUUSEJUO.
  1427 | D:1      | 1427 ||| READING scroll labelled BOCYAN RIJAVOJ.
  1432 | D:1      | 1432 ||| DRINKING 2 purple potions.
  1433 | D:1      | 1433 ||| DROPPING potion of attraction.
  1457 | D:2      | Reached skill level 4 in Axes
  1489 | D:2      | Reached ** piety under Trog
  1747 | D:2      | Reached XP level 4. HP: 25/28 MP: 4/4
  2049 | D:2      | 2049 ||| Stepping ~*~*~tactically~*~*~ (stealth).
  2050 | D:2      | 2050 ||| Stepping ~*~*~tactically~*~*~ (stealth).
  2104 | D:2      | 2104 ||| UPGRADING to +0 pair of gloves.
  2109 | D:2      | 2109 ||| UPGRADING to ring of see invisible.
  2110 | D:2      | 2110 ||| READING scroll labelled SIVIASKIWN.
  2110 | D:2      | Identified a scroll of acquirement
  2110 | D:2      | 2110 ||| ACQUIRING +2 pair of gloves of Privacy {rElec rC+}
  2110 | D:2      | Acquired the +2 pair of gloves of Privacy {rElec rC+}
  2112 | D:2      | 2112 ||| UPGRADING to +2 pair of gloves of Privacy {rElec
                  | rC+}.
  2122 | D:2      | 2122 ||| DROPPING +0 pair of gloves.
  2123 | D:2      | 2123 ||| READING scroll labelled VEUPTI NURRAO.
  2124 | D:2      | 2124 ||| DRINKING 3 clear potions.
  2124 | D:2      | Gained mutation: Your magical capacity is low. (-10% MP)
                  | [potion of mutation]
  2124 | D:2      | Gained mutation: Your movements are slightly less
                  | encumbered by armour. (ER -2) [potion of mutation]
  2277 | D:3      | 2277 ||| Stepping ~*~*~tactically~*~*~ (stealth).
  2281 | D:3      | 2281 ||| Stepping ~*~*~tactically~*~*~ (stealth).
  2545 | D:3      | 2545 ||| Stepping ~*~*~tactically~*~*~ (stealth).
  2551 | D:3      | 2551 ||| Stepping ~*~*~tactically~*~*~ (stealth).
  2710 | D:3      | 2710 ||| SWAPPING to +1 vampiric hand axe.
  2711 | D:3      | 2711 ||| DROPPING +0 hand axe.
  2807 | D:3      | 2807 ||| READING scroll labelled OHIAZI JILU.
  2808 | D:3      | 2808 ||| DRINKING 2 fuming black potions.
  2913 | D:3      | 2913 ||| DRINKING 2 glowing cyan potions.
  2914 | D:3      | 2914 ||| DROPPING potion of berserk rage.
  2944 | D:4      | 2944 ||| PLANNING OSSUARY
  2946 | D:4      | Noticed Menkaure
  2949 | D:4      | 2949 ||| INVOKING Berserk.
  2954 | D:4      | Killed Menkaure
  2955 | D:4      | Reached skill level 5 in Axes
  2955 | D:4      | Reached XP level 5. HP: 32/32 MP: 4/4
  3083 | D:4      | Reached XP level 6. HP: 38/38 MP: 5/5
  3095 | D:4      | Reached skill level 6 in Axes
  3147 | D:4      | Found Ylaesuc's Weapon Emporium.
  3149 | D:4      | 3149 ||| Stepping ~*~*~tactically~*~*~ (stealth).
  3150 | D:4      | 3150 ||| Stepping ~*~*~tactically~*~*~ (stealth).
  3151 | D:4      | 3151 ||| Stepping ~*~*~tactically~*~*~ (stealth).
  3157 | D:4      | 3157 ||| Stepping ~*~*~tactically~*~*~ (stealth).
  3158 | D:4      | 3158 ||| Stepping ~*~*~tactically~*~*~ (stealth).
  3163 | D:4      | 3163 ||| INVOKING Berserk.
  3282 | D:4      | 3282 ||| BUYING +0 flail (49 gold).
  3282 | D:4      | Bought a +0 flail for 49 gold pieces
  3282 | D:4      | 3282 ||| DROPPING +0 whip.
  3310 | D:4      | 3310 ||| Stepping ~*~*~tactically~*~*~ (stealth).
  3419 | D:4      | Found a sand-covered staircase.
  3420 | D:4      | 3420 ||| READING scroll labelled GUZ HICAEKHLEN.
  3428 | Ossuary  | Entered an ossuary
  3554 | Ossuary  | Reached XP level 7. HP: 38/43 MP: 6/6
  3610 | Ossuary  | Reached skill level 7 in Axes
  3728 | Ossuary  | 3728 ||| INVOKING Berserk.
  3948 | Ossuary  | Reached *** piety under Trog
  4061 | Ossuary  | 4061 ||| READING scroll labelled DUSCHE HOVEHI.
  4062 | Ossuary  | 4062 ||| DRINKING 2 amethyst potions.
  4063 | Ossuary  | 4063 ||| DRINKING 4 inky potions.
  4064 | Ossuary  | 4064 ||| DROPPING 3 potions of degeneration.
  4070 | D:4      | 4070 ||| PLANNING D:1-11
  4152 | D:4      | 4152 ||| Stepping ~*~*~tactically~*~*~ (hiding).
  4163 | D:4      | 4163 ||| Stepping ~*~*~tactically~*~*~ (stealth).
  4166 | D:4      | 4166 ||| INVOKING Berserk.
  4176 | D:4      | Reached XP level 8. HP: 39/49 MP: 7/7
  4179 | D:4      | Reached skill level 8 in Axes
  4197 | D:4      | Found the +1 Delatra's gloves {ID++}
  4359 | D:4      | 4359 ||| UPGRADING to +0 ring mail.
  4369 | D:4      | 4369 ||| DROPPING +0 leather armour.
  4370 | D:4      | 4370 ||| UPGRADING to +0 plate armour.
  4380 | D:4      | 4380 ||| DROPPING +0 ring mail.
  4381 | D:4      | 4381 ||| DRINKING 2 ruby potions.
  4414 | D:4      | 4414 ||| DROPPING potion of lignification.
  4438 | D:5      | Entered Level 5 of the Dungeon
  4445 | D:5      | 4445 ||| INVOKING Berserk.
  4475 | D:5      | Reached skill level 3 in Armour
  4617 | D:5      | 4617 ||| INVOKING Berserk.
  4774 | D:5      | Noticed Pikel
  4780 | D:5      | 4780 ||| INVOKING Berserk.
  4789 | D:5      | Killed Pikel
  4943 | D:5      | Reached XP level 9. HP: 52/54 MP: 8/8
  4971 | D:5      | 4971 ||| INVOKING Berserk.
  4975 | D:5      | Reached skill level 6 in Fighting
  4991 | D:5      | 4991 ||| Stepping ~*~*~tactically~*~*~ (hiding).
  4992 | D:5      | 4992 ||| Stepping ~*~*~tactically~*~*~ (hiding).
  5117 | D:5      | Reached skill level 1 in Throwing
  5295 | D:5      | 5295 ||| READING scroll labelled OBLOYDWIRUU.
  5351 | D:5      | 5351 ||| READING 2 scrolls labelled QIWU ZIFA HYH.
  5352 | D:5      | 5352 ||| READING 2 scrolls of identify.
  5352 | D:5      | 5352 ||| IDENTIFYING fuming dark potion
  5353 | D:5      | 5353 ||| DROPPING potion of invisibility.
  5354 | D:5      | 5354 ||| DROPPING scroll of poison.
  5389 | D:6      | Reached **** piety under Trog
  5569 | D:6      | 5569 ||| INVOKING Berserk.
  5572 | D:6      | Reached skill level 9 in Axes
  5714 | D:6      | 5714 ||| DROPPING +0 flail.
  5736 | D:6      | Noticed Edmund
  5741 | D:6      | 5741 ||| INVOKING Berserk.
  5744 | D:6      | Killed Edmund
  6110 | D:6      | Found a basalt altar of Yredelemnul.
  6175 | D:6      | 6175 ||| INVOKING Berserk.
  6485 | D:6      | 6485 ||| Stepping ~*~*~tactically~*~*~ (hiding).
  6809 | D:6      | Found a runed translucent door.
  6810 | D:6      | Noticed qw's ghost (novice FoCA)
  6815 | D:6      | 6815 ||| UPGRADING to +0 cloak.
  6820 | D:6      | 6820 ||| UPGRADING to +0 buckler.
  6825 | D:6      | 6825 ||| UPGRADING to ring of protection from cold.
  6826 | D:6      | 6826 ||| DRINKING 3 viscous cyan potions.
  6827 | D:6      | 6827 ||| DRINKING 2 brown potions.
  6828 | D:6      | 6828 ||| DRINKING 2 coppery potions.
  6829 | D:6      | 6829 ||| READING 5 scrolls of identify.
  6829 | D:6      | 6829 ||| IDENTIFYING fuming emerald potion
  6830 | D:6      | 6830 ||| READING 4 scrolls of identify.
  6830 | D:6      | 6830 ||| IDENTIFYING bubbling black potion
  6831 | D:6      | 6831 ||| READING 3 scrolls of identify.
  6831 | D:6      | 6831 ||| IDENTIFYING dark potion
  6832 | D:6      | 6832 ||| READING 2 scrolls of identify.
  6832 | D:6      | 6832 ||| IDENTIFYING fuming red potion
  6833 | D:6      | 6833 ||| DROPPING 2 potions of flight.
  6834 | D:6      | 6834 ||| DROPPING potion of ambrosia.
  6835 | D:6      | 6835 ||| DROPPING potion of magic.
  6880 | D:7      | 6880 ||| STAIRDANCE
  6889 | D:6      | Reached skill level 1 in Shields
  6984 | D:7      | 6984 ||| STAIRDANCE
  7121 | D:7      | 7121 ||| INVOKING Berserk.
  7130 | D:7      | Reached skill level 3 in Shields
  7133 | D:7      | Reached XP level 10. HP: 63/63 MP: 9/9
  7141 | D:7      | 7141 ||| FLEEEEING.
  7142 | D:7      | 7142 ||| STAIRDANCE
  7328 | D:7      | 7328 ||| Stepping ~*~*~tactically~*~*~ (stealth).
  7418 | D:7      | Found a burning altar of Makhleb.
  7824 | D:7      | 7824 ||| INVOKING Berserk.
  7939 | D:7      | Found a staircase to the Ecumenical Temple.
  8082 | D:7      | 8082 ||| Stepping ~*~*~tactically~*~*~ (hiding).
  8138 | D:7      | 8138 ||| READING scroll labelled KACZI HUGYOLIPP.
  8175 | D:8      | 8175 ||| INVOKING Berserk.
  8183 | D:8      | Reached skill level 10 in Axes
  8339 | D:8      | 8339 ||| INVOKING Berserk.
  8339 | D:8      | HP: 20/96 [gnoll/+2 spear of distortion[a gnoll sergeant]
                  | (10)]
  8342 | Abyss:1  | Cast into level 1 of the Abyss (gnoll)
  8347 | Abyss:1  | 8347 ||| INVOKING Trog's Hand.
  8352 | Abyss:1  | HP: 10/64 [large abomination (14)]
  8353 | Abyss:1  | 8353 ||| READING 3 scrolls of teleportation.
  8353 | Abyss:1  | Slain by a large abomination

Levels and vault maps discovered:
D:1:      lightli_arrival_isolated_outpost, layout_loops_corners,
          ebering_ecumenical_altar_rust
D:2:      layout_basic, mrwooster_statue_mirror, minmay_cupped
D:3:      layout_loops_ring
D:4:      layout_cave_pools, serial_shops, shop, nicolae_ossuary_entry_ruins,
          pf_guarded_unrand_delatra, uniq_menkaure
D:5:      layout_rooms, uniq_pikel
D:6:      layout_loops_ring, lemuel_zombie_altar_yredelemnul,
          gammafunk_ghost_grave, hangedman_abyss_or_decor_slice, uniq_edmund
D:7:      layout_basic, demons_altar, temple_fountains
D:8:      layout_basic, mainiacjoe_overflow_alcove_3
Abyss:1:  base:
D:4

Skill      XL: |  1  2  3  4  5  6  7  8  9 10 |
---------------+-------------------------------+-----
Axes           | 3 4 5 6 7 8 9 10 | 10.0
Fighting       | 4 5 7 |  7.8
Armour         | 7 |  7.2
Throwing       | 1 |  1.7
Shields        | 3 4 |  4.3
Dodging        | |  1.5

Action                   |  1- 3 |  4- 6 |  7- 9 | 10-12 || total
-------------------------+-------+-------+-------+-------++-------
Melee: Hand axe          |   114 |   121 |   475 |   117 ||   827
       Punch             |       |     1 |     1 |       ||     2
Throw: Boomerang         |       |       |    29 |     6 ||    35
Invok: Berserk           |       |     2 |    10 |     3 ||    15
       Trog's Hand       |       |       |       |     1 ||     1
  Use: Scroll            |     3 |     4 |     8 |     2 ||    17
       Potion            |     1 |     3 |     6 |       ||    10
Armor: Animal skin       |    26 |       |       |       ||    26
       Leather armour    |    19 |    41 |    38 |       ||    98
       Plate armour      |       |       |   289 |    76 ||   365
Dodge: Dodged            |    51 |    58 |   210 |    40 ||   359
Block: Buckler           |       |       |    11 |    19 ||    30

Table legend:
 A = Non-vault XP
 B = Vault XP
 C = Vault XP percentage of total XP
 D = Non-vault monster count
 E = Vault monster count
 F = Vault count percentage of total count
                 A         B        C        D         E       F
            +---------+---------+-------+---------+---------+-------
      Total |    3891 |    1982 |  33.7 |     143 |      50 |  25.9
            +---------+---------+-------+---------+---------+-------
        D:1 |      48 |       0 |   0.0 |      25 |       0 |   0.0
        D:2 |      43 |       3 |   6.5 |      11 |       2 |  15.4
        D:3 |      40 |       0 |   0.0 |      15 |       0 |   0.0
        D:4 |     206 |     405 |  66.3 |      10 |      12 |  54.5
        D:5 |    1058 |     617 |  36.8 |      28 |       1 |   3.4
        D:6 |    1096 |     296 |  21.3 |      30 |       3 |   9.1
        D:7 |     654 |     121 |  15.6 |      13 |       3 |  18.8
        D:8 |     746 |       0 |   0.0 |      11 |       0 |   0.0
    Ossuary |       0 |     540 | 100.0 |       0 |      29 | 100.0
            +---------+---------+-------+---------+---------+-------
